 Dungeon Crawl Stone Soup version 0.30-a0-297-g0ec75d9ef4 (webtiles) character file.

Game seed: 6669218963700446960

1703 910rd the Basher (level 8, -10/71 HPs)
             Began as an Armataur Fighter on Oct 19, 2022.
             Was a Believer of Nemelex Xobeh.
             Mangled by an orc warrior
             ... wielding a +0 great sword
              (14 damage)
             ... on level 6 of the Dungeon.
             The game lasted 00:22:41 (5676 turns).

910rd the Basher (Armataur Fighter)                 Turns: 5676, Time: 00:22:42

Health: -10/71     AC:  9    Str: 25    XL:     8   Next: 73%
Magic:  11/11      EV:  6    Int:  8    God:    Nemelex Xobeh [**....]
Gold:   201        SH:  4    Dex:  9    Spells: 7/7 levels left

rFire   + . .      SeeInvis .    a - +0 flail
rCold   . . .      Faith    .    c - +0 buckler
rNeg    . . .      Spirit   .    q - +0 chain mail
rPois   +          Reflect  .    y - +1 hat
rElec   .          Harm     .    (no cloak)
rCorr   .          Roll     +    (no gloves)
Will    .....                    (no barding)
Stlth   ..........               (no amulet)
HPRegen 0.31/turn                e - ring of poison resistance
MPRegen 0.12/turn                s - ring of protection from fire

@: no status effects
A: large, rugged brown scales 3, deformed body, armoured tail, roll, long
tongue, awkward tongue
a: Renounce Religion, Draw Escape, Draw Destruction, Draw Summoning


You were on level 6 of the Dungeon.
You worshipped Nemelex Xobeh.
Nemelex Xobeh was pleased with you.
You visited 2 branches of the dungeon, and saw 7 of its levels.

You collected 344 gold pieces.
You spent 143 gold pieces at shops.

Inventory:

Hand Weapons
 a - a +0 flail (weapon)
 h - a +0 spear
 m - a +0 mace
 n - a +0 quarterstaff
 t - a +1 mace of holy wrath
 x - a +1 morningstar of holy wrath
Missiles
 l - 3 poisoned darts (quivered)
 w - 3 curare-tipped darts
Armour
 b - a +0 scale mail
 c - a +0 buckler (worn)
 j - the +1 leather armour of Untold Secrets {rPois}
   (You found it on level 4 of the Dungeon)

   rPois:     It protects you from poison.
 q - a +0 chain mail (worn)
 y - a +1 hat (worn)
 D - a +0 kite shield
Magical Staves
 k - a staff of cold
Jewellery
 e - a ring of poison resistance (left hand)
 s - a ring of protection from fire (right hand)
Wands
 i - a wand of iceblast (9)
 B - a wand of mindburst (11)
Scrolls
 f - 2 scrolls of poison
 r - a scroll of acquirement
Potions
 d - 2 potions of might
 g - 3 potions of cancellation
 o - a potion of mutation
 p - 2 potions of flight
 v - a potion of magic
 z - a potion of berserk rage {unknown}
 A - 2 potions of haste
 C - 2 potions of attraction
 E - a potion of ambrosia {unknown}


   Skills:
 + Level 4.9 Fighting
 - Level 8.0 Maces & Flails
 - Level 4.0 Armour
 - Level 4.0 Shields
 - Level 5.0 Invocations


You had 7 spell levels left.
You didn't know any spells.
Your spell library contained the following spells:

 Spells                   Type           Power      Damage    Failure   Level
 Gell's Gravitas          Tloc           0%         N/A       100%        3
 Teleport Other           Tloc           0%         N/A       100%        3
 Vhi's Electric Charge    Tloc/Air       0%         N/A       100%        3
 Arcjolt                  Conj/Air       0%         1d10      100%        5
 Dispersal                Tloc           0%         N/A       100%        6
 Maxwell's Capacitive Co  Air            0%         ∞         100%        8


Dungeon Overview and Level Annotations

Branches:
Dungeon (6/15) Zot: 25891  Temple (1/1) D:5 Zot: 5903

Altars:
Ashenzari
Cheibriados
Dithmenos
Elyvilon
Fedhas
Hepliaklqana
Kikubaaqudgha
Makhleb
Nemelex Xobeh
Okawaru
Qazlal
Sif Muna
Trog
Uskayaw
Vehumet
Wu Jian
Xom
Yredelemnul
Zin
The Shining One

Shops:
D:1 !   D:3 :

Annotations:
D:5 1 runed translucent door, fly's ghost, weakling DgDe
D:6 Eustachio


Innate Abilities, Weirdness & Mutations

You are completely covered in rugged brown scales. (AC +3, +7% HP)
Armour fits poorly on your strangely shaped body.
You have a long armoured tail.
You roll when moving toward enemies. (Rampage)
Your long tongue fully drains potion bottles. (2x potion effects)
Your tongue gives you trouble enunciating. (1.5x scroll delay)


Message History

The orc is almost dead.
Eustachio gestures wildly while chanting.
You hit the white imp.
The white imp is moderately wounded.
You block the white imp's attack.
You closely miss the white imp.
The white imp is moderately wounded.
The white imp hits you. The white imp freezes you.
* * * LOW HITPOINT WARNING * * *
You take 4 damage, and have 48/71 hp.
You sock the white imp!
You kill the white imp!
The white imp disappears in a puff of smoke!
You hit the orc warrior but do no damage.
The orc warrior is lightly wounded.
The orc warrior hits you with a +0 great sword!
* * * LOW HITPOINT WARNING * * *
You take 7 damage, and have 42/71 hp.
You barely miss the orc warrior.
The orc warrior is lightly wounded.
The orc warrior hits you with a +0 great sword!
* * * LOW HITPOINT WARNING * * *
You take 11 damage, and have 31/71 hp.
The orc warrior attacks as you move away!
The orc warrior hits you with a +0 great sword!
* * * LOW HITPOINT WARNING * * *
You take 9 damage, and have 23/71 hp.
The orc warrior attacks as you move away!
The orc warrior hits you with a +0 great sword!
* * * LOW HITPOINT WARNING * * *
You take 14 damage, and have 9/71 hp.
You slurp down every last drop of the potion of curing!
You feel better.
The orc warrior hits you with a +0 great sword!
* * * LOW HITPOINT WARNING * * *
You take 5 damage, and have 4/71 hp.
You draw a card...
You have drawn the Tomb.
Walls emerge from the floor!
The orc warrior hits you with a +0 great sword!
You die...
Your body disappears without a glow.

#.#........
#.#..######
#.#..# #.#..#
#.#..#
#.#..#### #
#######>..o...#
#
#........#o##.#
##.# #
#.########@##.#
.... # ####o#
..... # #.##.#
..... #
#.#5@r...o.....
# ..#gK##.....
g.# # ###rg#
.... #.##
###..# ... #..
#.### ...(...
..#...##
#....###.......
.#.....


You could see an orc warrior and an orc.

Vanquished Creatures
  Grinder (D:4)
  A wyvern (D:6)
  An acid dragon (D:6)
  An ice beast (D:6)
  A black bear (D:5)
  An ogre (D:5)
  A centaur (D:6)
  3 phantoms
  Blork the orc (D:6)
  A gnoll sergeant (D:6)
  Dowan (D:6)
  3 howler monkeys
  5 hounds
  An iguana (D:5)
  Terence (D:2)
  3 orc wizards
  3 gnolls (D:5)
  5 adders
  A white imp (D:6)
  2 ufetubi
  2 dart slugs
  13 orcs
  3 endoplasms
  2 giant cockroaches
  5 goblins
  13 hobgoblins
  9 kobolds
  3 quokkas
  4 ball pythons
  6 bats
  2 frilled lizards
  7 rats
106 creatures vanquished.

Notes
Turn   | Place    | Note
-------+----------+-------------------------------------------
     0 | D:1      | 910rd the Armataur Fighter began the quest for the Orb.
     0 | D:1      | Reached XP level 1. HP: 19/19 MP: 1/1
    49 | D:1      | Reached skill level 2 in Maces & Flails
   176 | D:1      | Reached XP level 2. HP: 26/26 MP: 2/2
   655 | D:2      | Reached skill level 3 in Maces & Flails
   670 | D:2      | You fall into a shaft and drop 2 floors!
   701 | D:4      | Reached XP level 3. HP: 21/32 MP: 3/3
   927 | D:4      | Identified the +1 leather armour of Untold Secrets {rPois}
  1013 | D:4      | Found an ancient bone altar of Kikubaaqudgha.
  1293 | D:4      | Noticed Grinder
  1294 | D:4      | Paralysed by Grinder for 4 turns
  1301 | D:4      | Reached skill level 4 in Maces & Flails
  1301 | D:4      | Reached XP level 4. HP: 39/39 MP: 4/4
  1310 | D:4      | Killed Grinder
  1311 | D:4      | Reached skill level 5 in Maces & Flails
  1311 | D:4      | Reached XP level 5. HP: 41/48 MP: 5/5
  1311 | D:4      | Reached XP level 6. HP: 46/54 MP: 6/6
  1875 | D:5      | Entered Level 5 of the Dungeon
  1894 | D:5      | Noticed fly's ghost (weakling DgDe)
  1894 | D:5      | Found a runed translucent door.
  1937 | D:5      | Reached skill level 6 in Maces & Flails
  2137 | D:5      | Reached XP level 7. HP: 59/60 MP: 7/7
  2264 | D:5      | Found a staircase to the Ecumenical Temple.
  2273 | Temple   | Entered the Ecumenical Temple
  2357 | Temple   | Became a worshipper of Nemelex Xobeh the Trickster
  2449 | D:3      | Reached skill level 7 in Maces & Flails
  2504 | D:3      | Found a glowing golden altar of the Shining One.
  2561 | D:3      | Found a snail-covered altar of Cheibriados.
  2668 | D:3      | Found Lecoos's Book Emporium.
  2700 | D:3      | Found a burning altar of Makhleb.
  2920 | D:2      | Reached * piety under Nemelex Xobeh
  3031 | D:2      | Received a gift from Nemelex Xobeh
  3043 | D:2      | Noticed Terence
  3052 | D:2      | Killed Terence
  3541 | D:2      | Received a gift from Nemelex Xobeh
  3809 | D:3      | Found a stormy altar of Qazlal.
  4035 | D:5      | Identified a scroll of acquirement
  4075 | D:1      | Bought a potion of degeneration for 13 gold pieces
  4075 | D:1      | Bought a potion of haste for 130 gold pieces
  4347 | D:5      | Reached skill level 8 in Maces & Flails
  4347 | D:5      | Reached skill level 1 in Invocations
  4347 | D:5      | Reached XP level 8. HP: 64/67 MP: 7/9
  4575 | D:6      | Noticed Eustachio
  5001 | D:6      | Reached ** piety under Nemelex Xobeh
  5005 | D:6      | Noticed Duvessa
  5010 | D:6      | Noticed Dowan
  5013 | D:6      | Duvessa changed into Duvessa the howler monkey
  5013 | D:6      | Noticed Duvessa
  5016 | D:6      | Killed Duvessa the howler monkey
  5028 | D:6      | Killed Dowan
  5089 | D:6      | Reached skill level 5 in Invocations
  5246 | D:6      | Found a shimmering blue altar of Sif Muna.
  5650 | D:6      | Noticed Blork the orc
  5662 | D:6      | Killed Blork the orc
  5676 | D:6      | Mangled by an orc warrior

Illustrated notes

Levels and vault maps discovered:
D:1:      spicycebolla_arrival_clurvy, layout_loops_ring, serial_shops, shop,
          minmay_tetromino_l2
D:2:      minmay_general_purpose_star, layout_rooms, serial_aquarium,
          aquarium_bridge_square [aquarium_subvault_window,
          aquarium_subvault_bridge, aquarium_subvault_bridge,
          aquarium_subvault_bridge], aquarium_window_fake, aquarium_window_1,
          aquarium_window_corridor_2, aquarium_window_1, aquarium_view_2e,
          aquarium_view_2d, aquarium_balcony_3b, aquarium_pool_2, hex_large,
          lemuel_flame_loot_1, uniq_terence
D:3:      layout_rooms, tso_metal_star, nicolae_qazlal_scattered_showers,
          mainiacjoe_overflow_small_starburst, general_overflow_altar,
          serial_shops, nicolae_shop_crystal
D:4:      layout_cave_pools, nicolae_kikubaaqudgha_miasma_corner,
          chequers_serial_rivers_micro_b, roderic_lattice_a, uniq_grinder
D:5:      layout_basic, minmay_temple_entry_waves,
          hellmonk_ghost_happy_afterlife, lemuel_flamethrower_1
D:6:      layout_loops_ring, nicolae_sif_muna_little_library, sword_in_stone,
          uniq_duvessa
Temple:   nicolae_temple_great_sept

Skill      XL: |  1  2  3  4  5  6  7  8 |
---------------+-------------------------+-----
Maces & Flails | 2 3 4 5 6 8 |  8.0
Fighting       | 3 4 |  4.9
Armour         | 4 |  4.0
Shields        | 4 |  4.0
Invocations    | 1 5 |  5.0

Action                   |  1- 3 |  4- 6 |  7- 9 || total
-------------------------+-------+-------+-------++-------
Melee: Flail             |    68 |    71 |   242 ||   381
       Tailslap          |     6 |     7 |    24 ||    37
       Mace              |       |       |    11 ||    11
Throw: Dart              |       |       |     2 ||     2
Invok: Draw Destruction  |       |       |     7 ||     7
       Draw Escape       |       |       |     1 ||     1
Evoke: Wand              |     2 |       |     6 ||     8
  Use: Scroll            |     3 |     1 |    10 ||    14
       Potion            |       |       |     2 ||     2
Armor: Scale mail        |    22 |    33 |   103 ||   158
       Chain mail        |       |       |    20 ||    20
Dodge: Dodged            |    20 |    19 |    91 ||   130
Block: Buckler           |    12 |    14 |    47 ||    73

Table legend: (Time is in decaauts)
 A = Elapsed time spent in this place.
 B = Non-inter-level travel time spent in this place.
 C = Inter-level travel time spent in this place.
 D = Time resting spent in this place.
 E = Time spent auto-exploring this place.
 F = Levels seen in this place.
 G = Mean time per level.
                   A        B        C        D        E       F      G
               +--------+--------+--------+--------+--------+-----+--------+
         Total |   5735 |   5352 |    383 |   1156 |   2871 |   7 |  819.3 |
       Dungeon |   5638 |   5255 |    383 |   1156 |   2808 |   6 |  939.7 |
        Temple |     96 |     96 |      0 |      0 |     63 |   1 |   96.0 |
               +--------+--------+--------+--------+--------+-----+--------+

Top non-repeatable levels by time:
     D:4: 1350 daAuts
     D:5: 1093 daAuts
     D:2: 1047 daAuts
     D:6: 871 daAuts
     D:1: 661 daAuts
     D:3: 614 daAuts
  Temple: 96 daAuts
